PCL
SANTA MONICA BRUINS @ ALBUQUERQUE ISOTOPES
09/26/2027
 
TOP OF THE 1ST
Santa Monica Bruins batting - Pitching for Albuquerque Isotopes : RHP Jesús Silva
Pitching: RHP Jesús Silva
Batting: LHB Francisco Medina 0-0: Ground out 4-3 (Groundball, 4)
Batting: SHB Ken Hernández 0-0: Called Strike
0-1: SINGLE (Groundball, 34D)
Batting: LHB Sammy Marshall 0-0: Ball
1-0: SINGLE (Line Drive, 78M)
Ken Hernández to second
Batting: RHB Salvador Salas 0-0: Called Strike
0-1: Ball
1-1: Ball
2-1: Called Strike
2-2: Fielders Choice at 2nd, 3-6 (Groundball, 34)
Ken Hernández to third
Batting: LHB Morgan Wright 0-0: Foul Ball, location: 2F
0-1: Ball
1-1: Foul Ball, location: 2F
1-2: Fly out, F7 (Line Drive, 7)
Top of the 1st over - 0 run(s), 2 hit(s), 0 error(s), 2 left on base; Santa Monica 0 - Albuquerque 0
BOTTOM OF THE 1ST
Albuquerque Isotopes batting - Pitching for Santa Monica Bruins : RHP Martín Ortíz
Pitching: RHP Martín Ortíz
Batting: LHB Pedro Cruz 0-0: Ball
1-0: SINGLE (Groundball, 56D)
Batting: LHB Bernardo Montés 0-0: Ball
1-0: Foul Ball, location: 2F
1-1: Ball
2-1: SINGLE (Flyball, 7S)
Pedro Cruz to second
Batting: LHB Juan Carlos Sánchez 0-0: Called Strike
Pedro Cruz steals 3rd base
Bernardo Montés to second
0-1: Called Strike
0-2: Strikes out swinging
Batting: LHB José González 0-0: Called Strike
0-1: Called Strike
0-2: SINGLE (Flyball, 89S) - OUT at second base trying to stretch hit.
Pedro Cruz scores
Bernardo Montés scores
Batting: RHB Juan Vareas 0-0: Foul Ball, location: 2F
0-1: Ball
1-1: Fly out, F3 (Popup, 3D)
Bottom of the 1st over - 2 run(s), 3 hit(s), 0 error(s), 0 left on base; Santa Monica 0 - Albuquerque 2
TOP OF THE 2ND
Santa Monica Bruins batting - Pitching for Albuquerque Isotopes : RHP Jesús Silva
Batting: SHB Chris Woods 0-0: Ball
1-0: Called Strike
1-1: Swinging Strike
1-2: Ball
2-2: Foul Ball, location: 2F
2-2: Strikes out swinging
Batting: RHB Luis Martínez 0-0: Ball
1-0: Ball
2-0: Swinging Strike
2-1: Foul Ball, location: 2F
2-2: Ball
3-2: Fly out, F8 (Line Drive, 8LM)
Batting: RHB Johnny Williams 0-0: Called Strike
0-1: Ground out 3-1 (Groundball, 34S)
Top of the 2nd over - 0 run(s), 0 hit(s), 0 error(s), 0 left on base; Santa Monica 0 - Albuquerque 2
BOTTOM OF THE 2ND
Albuquerque Isotopes batting - Pitching for Santa Monica Bruins : RHP Martín Ortíz
Batting: RHB Alden Isenhood 0-0: Swinging Strike
0-1: Ground out 4-3 (Groundball, 4)
Batting: RHB Arturo García 0-0: Foul Ball, location: 2F
0-1: SINGLE (Groundball, 6MD)
Batting: RHB Dave Mullen 0-0: Ball
1-0: Called Strike
1-1: Called Strike
1-2: Grounds into double play, 4-6-3 (Groundball, 4M)
Bottom of the 2nd over - 0 run(s), 1 hit(s), 0 error(s), 0 left on base; Santa Monica 0 - Albuquerque 2
TOP OF THE 3RD
Santa Monica Bruins batting - Pitching for Albuquerque Isotopes : RHP Jesús Silva
Batting: LHB Ramiro Martínez 0-0: Ball
1-0: Swinging Strike
1-1: Foul Ball, location: 2F
1-2: Strikes out swinging
Batting: LHB Francisco Medina 0-0: Ball
1-0: Called Strike
1-1: Foul Ball, location: 2F
1-2: Ball
2-2: Ground out 2-3 (Groundball, 15S)
Batting: SHB Ken Hernández 0-0: Ball
1-0: Ball
2-0: Foul Ball, location: 2F
2-1: Ground out 6-3 (Groundball, 6M)
Top of the 3rd over - 0 run(s), 0 hit(s), 0 error(s), 0 left on base; Santa Monica 0 - Albuquerque 2
BOTTOM OF THE 3RD
Albuquerque Isotopes batting - Pitching for Santa Monica Bruins : RHP Martín Ortíz
Batting: RHB Rick Ayliffe 0-0: Swinging Strike
0-1: Foul Ball, location: 2F
0-2: Ball
1-2: Reached on error, E9 (Flyball, 89M)
Batting: LHB Pedro Cruz 0-0: Called Strike
0-1: Called Strike
0-2: Foul Ball, location: 2F
0-2: Ball
1-2: Fielders Choice at 2nd, 4-6 (Groundball, 4)
Batting: LHB Bernardo Montés 0-0: Ball
1-0: Called Strike
1-1: Ball
2-1: Called Strike
2-2: Foul Ball, location: 2F
2-2: Foul Ball, location: 2F
2-2: Strikes out swinging
Batting: LHB Juan Carlos Sánchez 0-0: Ball
1-0: Ball
Pedro Cruz steals 2nd base
2-0: Foul Ball, location: 2F
2-1: Swinging Strike
2-2: Strikes out swinging
Bottom of the 3rd over - 0 run(s), 0 hit(s), 1 error(s), 1 left on base; Santa Monica 0 - Albuquerque 2
TOP OF THE 4TH
Santa Monica Bruins batting - Pitching for Albuquerque Isotopes : RHP Jesús Silva
Batting: LHB Sammy Marshall 0-0: Called Strike
0-1: Foul Ball, location: 2F
0-2: Foul Ball, location: 2F
0-2: Ball
1-2: Ball
2-2: Ball
3-2: Fly out, F9 (Flyball, 9D)
Batting: RHB Salvador Salas 0-0: Called Strike
0-1: Foul Ball, location: 2F
0-2: Ball
1-2: Ground out U3 (Groundball, 34)
Batting: LHB Morgan Wright 0-0: Called Strike
0-1: Swinging Strike
0-2: Strikes out swinging
Top of the 4th over - 0 run(s), 0 hit(s), 0 error(s), 0 left on base; Santa Monica 0 - Albuquerque 2
BOTTOM OF THE 4TH
Albuquerque Isotopes batting - Pitching for Santa Monica Bruins : RHP Martín Ortíz
Batting: LHB José González 0-0: Ball
1-0: Fly out, F7 (Flyball, 7S)
Batting: RHB Juan Vareas 0-0: SINGLE (Groundball, 4MS) (infield hit)
Batting: RHB Alden Isenhood 0-0: Called Strike
0-1: Foul Ball, location: 2F
0-2: Fly out, F8 (Flyball, 8LM)
Batting: RHB Arturo García 0-0: Called Strike
0-1: Ball
1-1: Foul Ball, location: 2F
1-2: Ball
2-2: Strikes out swinging
Bottom of the 4th over - 0 run(s), 1 hit(s), 0 error(s), 1 left on base; Santa Monica 0 - Albuquerque 2
TOP OF THE 5TH
Santa Monica Bruins batting - Pitching for Albuquerque Isotopes : RHP Jesús Silva
Batting: SHB Chris Woods 0-0: Ball
1-0: Foul Ball, location: 2F
1-1: Called Strike
1-2: Ball
2-2: Foul Ball, location: 2F
2-2: Ball
3-2: Strikes out swinging, 2-3 out at first.
Batting: RHB Luis Martínez 0-0: SINGLE (Groundball, 6D)
Batting: RHB Johnny Williams 0-0: Ball
1-0: Called Strike
1-1: Called Strike
1-2: Fly out, F9 (Flyball, 9LS)
Batting: LHB Ramiro Martínez 0-0: SINGLE (Groundball, 56D)
Luis Martínez to second
Batting: LHB Francisco Medina 0-0: Ground out U3 (Groundball, 34)
Top of the 5th over - 0 run(s), 2 hit(s), 0 error(s), 2 left on base; Santa Monica 0 - Albuquerque 2
BOTTOM OF THE 5TH
Albuquerque Isotopes batting - Pitching for Santa Monica Bruins : RHP Martín Ortíz
Batting: RHB Dave Mullen 0-0: Foul Ball, location: 2F
0-1: Swinging Strike
0-2: Ball
1-2: Ball
2-2: Strikes out looking
Batting: RHB Rick Ayliffe 0-0: Ball
1-0: Ball
2-0: Called Strike
2-1: Fly out, F9 (Flyball, 9D)
Batting: LHB Pedro Cruz 0-0: Ball
1-0: Called Strike
1-1: Fly out, F4 (Line Drive, 4)
Bottom of the 5th over - 0 run(s), 0 hit(s), 0 error(s), 0 left on base; Santa Monica 0 - Albuquerque 2
TOP OF THE 6TH
Santa Monica Bruins batting - Pitching for Albuquerque Isotopes : RHP Jesús Silva
Batting: SHB Ken Hernández 0-0: Called Strike
0-1: Ball
1-1: SINGLE (Groundball, 34D)
Batting: LHB Sammy Marshall 0-0: Foul Ball, location: 2F
0-1: Ball
1-1: Called Strike
1-2: Strikes out looking
Ken Hernández steals 2nd base
Batter strikes out.
Batting: RHB Salvador Salas 0-0: Ball
1-0: Foul Ball, location: 2F
1-1: Ball
2-1: Foul Ball, location: 2F
2-2: Fly out, F6 (Popup, 6D)
Pitching: RHP Kenny Skinner
Batting: LHB Morgan Wright 0-0: Ball
1-0: Ball
2-0: Called Strike
2-1: Ball
3-1: Base on Balls
Batting: SHB Chris Woods 0-0: Ball
1-0: Ground out U3 (Groundball, 34)
Top of the 6th over - 0 run(s), 1 hit(s), 0 error(s), 2 left on base; Santa Monica 0 - Albuquerque 2
BOTTOM OF THE 6TH
Albuquerque Isotopes batting - Pitching for Santa Monica Bruins : RHP Martín Ortíz
Batting: LHB Bernardo Montés 0-0: Ball
1-0: Ground out 4-3 (Groundball, 4)
Batting: LHB Juan Carlos Sánchez 0-0: Fly out, F8 (Line Drive, 89M)
Batting: LHB José González 0-0: Ball
1-0: Hit by Pitch
Batting: RHB Juan Vareas 0-0: Ball
1-0: Ball
2-0: Swinging Strike
2-1: Called Strike
2-2: Strikes out swinging
Bottom of the 6th over - 0 run(s), 0 hit(s), 0 error(s), 1 left on base; Santa Monica 0 - Albuquerque 2
TOP OF THE 7TH
Santa Monica Bruins batting - Pitching for Albuquerque Isotopes : RHP Kenny Skinner
Now in RF: Víctor Solano
Batting: RHB Luis Martínez 0-0: Ball
1-0: Foul Ball, location: 2F
1-1: Ball
2-1: SINGLE (Groundball, 5D)
Batting: RHB Johnny Williams 0-0: Ball
1-0: Ball
2-0: Ball
3-0: Called Strike
3-1: Base on Balls
Luis Martínez to second
Batting: LHB Ramiro Martínez 0-0: Called Strike
0-1: Sac Bunt - play at first, batter OUT! 1-3
Luis Martínez to third
Johnny Williams to second
Pinch Hitting: LHB Noriaki Sangi 0-0: Ball
1-0: Foul Ball, location: 2F
1-1: Ball
2-1: Foul Ball, location: 2F
2-2: Foul Ball, location: 2F
2-2: Ball
3-2: Base on Balls
Batting: SHB Ken Hernández 0-0: Fly out, F2 (Popup, 2R)
Batting: LHB Sammy Marshall 0-0: Ball
1-0: Foul Ball, location: 2F
1-1: Ball
2-1: Called Strike
2-2: Strikes out swinging
Top of the 7th over - 0 run(s), 1 hit(s), 0 error(s), 3 left on base; Santa Monica 0 - Albuquerque 2
BOTTOM OF THE 7TH
Albuquerque Isotopes batting - Pitching for Santa Monica Bruins : RHP Martín Ortíz
Now at 2B: Ernest Russell
Batting: RHB Alden Isenhood 0-0: Ball
1-0: Swinging Strike
1-1: Ball
2-1: Ball
3-1: Foul Ball, location: 2F
3-2: Foul Ball, location: 2F
3-2: Base on Balls
Pitching: RHP Jorge Hernández
Batting: RHB Arturo García 0-0: Ball
1-0: Bunted foul
1-1: Ball
2-1: Bunted foul
2-2: Ground out U3 (Groundball, 34)
Alden Isenhood to second
Batting: RHB Dave Mullen 0-0: Intentional Walk
Batting: RHB Rick Ayliffe 0-0: SINGLE (Line Drive, 89S)
Alden Isenhood to third
Dave Mullen to second
Batting: LHB Pedro Cruz 0-0: Swinging Strike
0-1: Swinging Strike
0-2: Ball
1-2: Strikes out swinging
Pinch Hitting: LHB Mark Vestal 0-0: Swinging Strike
0-1: Ground out 1-3 (Groundball, 13)
Bottom of the 7th over - 0 run(s), 1 hit(s), 0 error(s), 3 left on base; Santa Monica 0 - Albuquerque 2
TOP OF THE 8TH
Santa Monica Bruins batting - Pitching for Albuquerque Isotopes : RHP Kenny Skinner
Pitching: RHP Manny Muńóz
Now in RF: Mark Vestal
Batting: RHB Salvador Salas 0-0: Ball
1-0: Ball
2-0: Fly out, F9 (Flyball, 9S)
Batting: LHB Morgan Wright 0-0: Ball
1-0: Foul Ball, location: 2F
1-1: Ball
2-1: Foul Ball, location: 2F
2-2: Foul Ball, location: 2F
2-2: DOUBLE (Flyball, 89XD)
Batting: SHB Chris Woods 0-0: Ball
1-0: Ball
2-0: Called Strike
2-1: Swinging Strike
2-2: Strikes out swinging
Batting: RHB Luis Martínez 0-0: Ball
1-0: Ball
Wild Pitch!
Morgan Wright to third
2-0: Called Strike
2-1: Swinging Strike
2-2: Strikes out swinging
Top of the 8th over - 0 run(s), 1 hit(s), 0 error(s), 1 left on base; Santa Monica 0 - Albuquerque 2
BOTTOM OF THE 8TH
Albuquerque Isotopes batting - Pitching for Santa Monica Bruins : RHP Jorge Hernández
Batting: LHB Juan Carlos Sánchez 0-0: Foul Ball, location: 2F
0-1: Called Strike
0-2: Ball
1-2: Ball
2-2: SOLO HOME RUN (Flyball, 9D), Distance : 363 ft
Batting: LHB José González 0-0: Called Strike
0-1: Ball
1-1: Foul Ball, location: 2F
1-2: Ball
2-2: SINGLE (Line Drive, 4D)
Batting: RHB Juan Vareas 0-0: Called Strike
0-1: Fielders Choice at 2nd, 6-4 (Groundball, 6)
Batting: RHB Alden Isenhood 0-0: Called Strike
0-1: SINGLE (Line Drive, 8RS)
Juan Vareas to second
Batting: RHB Arturo García 0-0: Ball
1-0: Called Strike
1-1: Ball
2-1: Foul Ball, location: 2F
2-2: Strikes out swinging
Batting: RHB Dave Mullen 0-0: Ball
1-0: Ball
2-0: Ball
3-0: Called Strike
3-1: Fielders Choice at 2nd, U6 (Groundball, 6M)
Bottom of the 8th over - 1 run(s), 3 hit(s), 0 error(s), 2 left on base; Santa Monica 0 - Albuquerque 3
TOP OF THE 9TH
Santa Monica Bruins batting - Pitching for Albuquerque Isotopes : RHP Manny Muńóz
Pitching: RHP Howard Joyce
Batting: RHB Johnny Williams 0-0: Called Strike
0-1: Swinging Strike
0-2: Ball
1-2: Ball
2-2: Ball
3-2: Base on Balls
Batting: LHB Ramiro Martínez 0-0: Called Strike
0-1: Ball
1-1: Called Strike
1-2: Strikes out swinging
Batting: RHB Ernest Russell 0-0: Ball
1-0: Ball
2-0: Foul Ball, location: 2F
2-1: Foul Ball, location: 2F
2-2: Foul Ball, location: 2F
2-2: Ball
3-2: Grounds into double play, 4-6-3 (Groundball, 4)
Top of the 9th over - 0 run(s), 0 hit(s), 0 error(s), 0 left on base; Santa Monica 0 - Albuquerque 3
Thursday, March 30th, 2017 - OOTP Baseball 17.12 Build 75